 Dungeon Crawl Stone Soup version 0.21.0-3-g78d12a8bdd (webtiles) character file.

24 Manul the Covered (level 2, -2/22 HPs)
             Began as a Demonspawn Wanderer on Jan 13, 2018.
             Slain by a gnoll
             ... wielding a +0 spear
              (8 damage)
             ... on level 2 of the Dungeon.
             The game lasted 00:00:54 (837 turns).

Manul the Covered (Demonspawn Wanderer)              Turns: 837, Time: 00:00:55

Health: -2/22      AC:  5    Str: 17    XL:     2   Next: 79%
Magic:  2/2        EV: 10    Int: 11    God:
Gold:   79         SH:  0    Dex:  9    Spells: 1/1 levels left

rFire    . . .     SeeInvis .   a - +2 shortbow
rCold    . . .     Gourm    .   (shield currently unavailable)
rNeg     . . .     Faith    .   c - +0 ring mail
rPois    .         Spirit   .   (no helmet)
rElec    .         Reflect  .   (no cloak)
rCorr    .         Harm     .   (no gloves)
MR       .....                  (no boots)
Stlth    ..........             (no amulet)
HPRegen  0.07/turn              (no ring)
MPRegen  0.08/turn              (no ring)

@: no status effects
A: talons 1
a: no special abilities


You were on level 2 of the Dungeon.
You were not hungry.

You visited 1 branch of the dungeon, and saw 2 of its levels.

You collected 79 gold pieces.

Inventory:

Hand Weapons
 a - a +2 shortbow (weapon)
 e - a +0 whip
Missiles
 b - 74 arrows (quivered)
Armour
 c - a +0 ring mail (worn)
Jewellery
 j - an uncursed ring of positive energy {unknown}
Wands
 k - a wand of clouds (3)
Scrolls
 h - a scroll of fog {unknown}
 i - 2 scrolls of remove curse {unknown}
Potions
 d - 2 potions of curing
 l - a potion of cancellation {unknown}
Comestibles
 f - 6 rations
 g - 2 chunks of flesh


   Skills:
 + Level 2.1 Fighting
   Level 1.0 Axes
 + Level 0.1(0.5) Maces & Flails
 + Level 1.7 Bows
 + Level 1.0 Throwing
 + Level 4.0 Armour
   Level 1.0 Shields


You had one spell level left.
You didn't know any spells.

Dungeon Overview and Level Annotations

Branches:
Dungeon (2/15)

Altars:


Innate Abilities, Weirdness & Mutations

You have sharp toenails.


Message History

You shoot an arrow. The arrow hits the gnoll.
The gnoll is moderately wounded.
The gnoll barely misses you.
Firing (i - inventory):
b - 76 arrows (quivered)
Press: ? - help, Shift-Dir - straight line, f/p - gnoll
Aim: a gnoll, wielding a spear (moderately wounded)
You shoot an arrow. The arrow hits the gnoll.
The gnoll is heavily wounded.
The gnoll hits you from afar with a spear.
Firing (i - inventory):
b - 75 arrows (quivered)
Press: ? - help, Shift-Dir - straight line, f/p - gnoll
Aim: a gnoll, wielding a spear (heavily wounded)
You shoot an arrow. The arrow barely misses the gnoll.
The arrow closely misses the giant cockroach.
The arrow hits the gnoll!
The gnoll is heavily wounded.
The gnoll hits you from afar with a spear.
* * * LOW HITPOINT WARNING * * *
The gnoll hits you from afar with a spear!
You die...

....l..l....##.#...............
#.....##(......#.###.###.#.....
..... #g(#.##.#.# #...#.#.....
#.?. #..# # #.# #.###.#.#...
#.# #..# #.# #.#.........
#g######..# #.# #.#.........
.........# #.# #.#.#.####..
#######l#######.# #.#.#.......
#gggsg.@..# #.#(########
########### #.#.........
#.#..(.####. #.####(#.... #.#
#(#.##. #.# #.#.##. #.# #.#.##.
#.# #.#.##. #.# #....#.


You could see 3 gnolls, a giant cockroach, a hobgoblin and a frilled lizard.

Vanquished Creatures
  A leopard gecko (D:2)
  4 giant cockroaches
  3 goblins (D:1)
  A hobgoblin (D:1)
  A bat (D:1)
  2 frilled lizards
  6 kobolds
  3 rats (D:1)
21 creatures vanquished.

Notes
Turn   | Place    | Note
-------+----------+-------------------------------------------
     0 | D:1      | Manul the Demonspawn Wanderer began the quest for the Orb.
     0 | D:1      | Manul set off with: a +2 shortbow, 23 arrows, a +0 ring mail, a potion of curing, a ration
     0 | D:1      | Reached XP level 1. HP: 16/16 MP: 1/1
   140 | D:1      | Reached skill level 4 in Armour
   140 | D:1      | Gained mutation: You have sharp toenails. [demonic ancestry]
   140 | D:1      | Reached XP level 2. HP: 22/22 MP: 2/2
   837 | D:2      | Slain by a gnoll

Skill      XL: |  1 |
---------------+----+-----
Armour         | 4 |  4.0
Fighting       | |  2.1
Axes           | |  1.0
Maces & Flails | |  0.1
Bows           | |  1.7
Throwing       | |  1.0
Shields        | |  1.0

Action                   || total
-------------------------++-------
Melee: Whip              ||    42
       Kick              ||     4
 Fire: Shortbow          ||    41
Armor: Ring mail         ||    33
Dodge: Dodged            ||    33
